 Dungeon Crawl Stone Soup version 0.18-a0-1789-gbeff17f (webtiles) character file.

424 macross the Skirmisher (level 6, -2/48 HPs)
             Began as a Demonspawn Chaos Knight on Apr 21, 2016.
             Killed by nerve-wracking pain
             ... invoked by a shadow imp
              (9 damage)
             ... on level 6 of the Dungeon.
             The game lasted 01:16:11 (3036 turns).

macross the Skirmisher (Demonspawn Chaos Knight)    Turns: 3036, Time: 01:16:12

Health: -2/48      AC:  6    Str: 14 (15) XL:     6   Next: 64%
Magic:  6/6        EV: 13    Int: 11 (13) God:    Xom [..*...]
Gold:   132        SH:  0    Dex: 14 (16) Spells: 0 memorised, 5 levels left

rFire  + . .     SeeInvis .     a - +0 mace (chaos)
rCold  x . .     Gourm    .     b - +2 leather armour
rNeg   . . .     Faith    .     (no shield)
rPois  .         Spirit   .     (no helmet)
rElec  .         Dismiss  .     (no cloak)
rCorr  .         Reflect  .     (no gloves)
SustAt .         Harm     .     q - +0 pair of boots
MR     .....                    (no amulet)
Stlth  ++........               (no ring)
                                d - ring of fire

@: not resistant to hostile enchantments, unstealthy
A: talons 2, thin skeletal structure 1, agile 1, evolution 1
a: Renounce Religion


You were on level 6 of the Dungeon.
You worshipped Xom.
You were a toy of Xom.
You were not hungry.

You visited 2 branches of the dungeon, and saw 7 of its levels.

You collected 132 gold pieces.

Inventory:

Hand Weapons
 a - a +0 mace of chaos (weapon)
 m - a cursed +0 hand axe
Armour
 b - a +2 leather armour (worn)
 q - a +0 pair of boots (worn)
Jewellery
 d - a ring of fire (left hand)
Scrolls
 c - 2 scrolls of remove curse {unknown}
 e - 2 scrolls of identify {unknown}
 f - a scroll of blinking {unknown}
 g - a scroll of enchant weapon {unknown}
 h - a scroll of teleportation {unknown}
 i - 2 scrolls of immolation {unknown}
 j - a scroll of magic mapping {unknown}
 l - a scroll of amnesia {unknown}
Comestibles
 k - a meat ration
 n - a bread ration
 o - a slice of pizza


   Skills:
 + Level 4.2 Fighting
 + Level 4.0 Maces & Flails
 + Level 2.5 Armour
 + Level 3.5 Dodging
 + Level 2.4 Stealth


You had 5 spell levels left.
You didn't know any spells.

Dungeon Overview and Level Annotations

Branches:
Dungeon (6/15)             Temple (1/1) D:4

Altars:
Ashenzari
Cheibriados
Dithmenos
Elyvilon
Fedhas
Gozag
Kikubaaqudgha
Makhleb
Nemelex Xobeh
Okawaru
Pakellas
Qazlal
Ru
Sif Muna
Trog
Vehumet
Xom
Zin
The Shining One


Innate Abilities, Weirdness & Mutations

You have razor-sharp toenails.
You have a somewhat thin skeletal structure (Dex +2, Stealth).
You are agile. (Dex +2)
You evolve.


Message History

You feel weakened.
You feel dopey.
You feel clumsy.
The shadow imp hits you but does no damage.
The shadow imp hits you but does no damage.
The shadow imp shouts, "Bolt, thou villainous hedge-born lewdster!"
A giant gecko comes into view.
The shadow imp lashes its tail.
The shadow imp picks up a beetle and eats it.
The shadow imp gestures at you. Pain shoots through your body!
* * * LOW HITPOINT WARNING * * *
Found 9 gold pieces.
Found an escape hatch in the ceiling.
The shadow imp gestures at you. Pain shoots through your body!
* * * LOW HITPOINT WARNING * * *
You see here 9 gold pieces.
You now have 132 gold pieces (gained 9).
The shadow imp gestures at you. Pain shoots through your body!
You die...

#.# #.# #.####
#....# #....#
#5.l.# ##....#
#.....# #@...##
#....#
.........#
#..........#
..............
##.<..#+####...
#.... ... #....
..


You could see a shadow imp and a giant gecko (sleeping).

Vanquished Creatures
  An ice beast (D:5)
  A centaur (D:5)
  2 hounds
  An orc wizard (D:3)
  Natasha (thrice) (D:4)
  A hound zombie (D:5)
  4 adders
  A river rat (D:3)
  2 giant geckos (D:3)
  4 orcs (D:3)
  6 giant cockroaches
  4 hobgoblins
  2 bats
  A giant gecko skeleton (D:4)
  4 giant newts
  2 goblins (D:1)
  6 kobolds
  5 rats
50 creatures vanquished.

Notes
Turn   | Place    | Note
--------------------------------------------------------------
     0 | D:1      | macross the Demonspawn Chaos Knight began the quest for the Orb.
     0 | D:1      | Reached XP level 1. HP: 18/18 MP: 1/1
    65 | D:1      | XOM: potion effect (agility)
   127 | D:1      | Reached skill level 1 in Dodging
   135 | D:1      | Gained mutation: You have a somewhat thin skeletal structure (Dex +2, Stealth). [demonic ancestry]
   135 | D:1      | Reached XP level 2. HP: 23/24 MP: 2/2
   264 | D:2      | You fall through a shaft!
   350 | D:3      | XOM: divination: magic mapping
   392 | D:3      | Found a snail-covered altar of Cheibriados.
   397 | D:3      | Found a stormy altar of Qazlal.
   403 | D:3      | Found an ancient bone altar of Kikubaaqudgha.
   405 | D:3      | Found a shadowy altar of Dithmenos.
   405 | D:3      | Found a radiant altar of Vehumet.
   405 | D:3      | Found a sparkling altar of Nemelex Xobeh.
   405 | D:3      | Found a shimmering altar of Xom.
   405 | D:3      | Found a glowing silver altar of Zin.
   409 | D:3      | Found a glowing golden altar of the Shining One.
   410 | D:3      | Found a bloodstained altar of Trog.
   411 | D:3      | Found a blossoming altar of Fedhas.
   412 | D:3      | Found an opulent altar of Gozag.
   490 | D:4      | Found a staircase to the Ecumenical Temple.
   494 | Temple   | Entered the Ecumenical Temple
   728 | D:4      | Reached XP level 3. HP: 27/29 MP: 3/3
   786 | D:4      | Noticed Natasha
   800 | D:4      | XOM: potion effect (might)
   804 | D:4      | Killed Natasha
   804 | D:4      | Gained mutation: You have sharp toenails. [demonic ancestry]
   804 | D:4      | Reached XP level 4. HP: 16/36 MP: 4/4
   937 | D:4      | XOM: mild Trmt miscast
  1106 | D:4      | Noticed Natasha
  1114 | D:4      | Killed Natasha
  1200 | D:4      | Noticed Natasha
  1203 | D:4      | XOM: swap monsters
  1243 | D:4      | Killed Natasha
  1243 | D:4      | Reached skill level 1 in Stealth
  1256 | D:4      | XOM: give mutation
  1256 | D:4      | Gained mutation: You evolve. [Xom's grace]
  1313 | D:4      | XOM: god gift: 26 stones
  1572 | D:3      | Found a shattered altar of Ashenzari.
  1792 | D:3      | Reached XP level 5. HP: 32/42 MP: 5/5
  1805 | D:3      | XOM: divination: detect items
  1882 | D:3      | Gained mutation: You are agile. (Dex +2) [evolution]
  2387 | D:5      | Entered Level 5 of the Dungeon
  2389 | D:5      | XOM: swap monsters
  2505 | D:6      | Noticed a swamp drake
  2505 | D:6      | a worker ant changed into a swamp drake
  2506 | D:6      | a swamp drake changed into a worm
  2511 | D:6      | XOM: noise
  2519 | D:6      | Noticed a wyvern
  2519 | D:6      | a worm changed into a wyvern
  2522 | D:6      | XOM: silly message
  2524 | D:6      | Noticed a tengu
  2524 | D:6      | a wyvern changed into a tengu
  2525 | D:6      | a tengu changed into a giant frog
  2761 | D:5      | Noticed an ice beast
  2767 | D:5      | XOM: noise
  2775 | D:5      | XOM: confuse monster(s)
  2785 | D:5      | XOM: confuse monster(s)
  2794 | D:5      | Killed an ice beast
  2794 | D:5      | Gained mutation: You have razor-sharp toenails. [demonic ancestry]
  2794 | D:5      | Reached XP level 6. HP: 48/48 MP: 6/6
  2953 | D:5      | XOM: cast spell 'Cause Fear'
  3036 | D:6      | Killed from afar by a shadow imp

Vault maps used:
D:1:      eino_arrival_water_star, lemuel_another_geyser
D:3:      ashenzari_altar_1, minitemple, first_bread, portal_sewer_entry_b
D:4:      minmay_temple_entry_glassed_door, uniq_natasha
D:5:      minmay_fountain_box, uniq_menkaure
Temple:   hc_temple_tempest_star_small

Skill      XL: |  1  2  3  4  5  6 |
---------------+-------------------+-----
Dodging        | 1 2 3 |  3.5
Maces & Flails | 3 4 |  4.0
Armour         | 2 |  2.5
Stealth        | 1 2 |  2.4
Fighting       | 4 |  4.2

Action                   |  1- 3 |  4- 6 || total
-------------------------+-------+-------++-------
Melee: Mace              |    64 |   175 ||   239
       Kick              |       |    55 ||    55
  Use: Potion            |       |     1 ||     1
 Stab: Paralysed         |     1 |     1 ||     2
       Sleeping          |     1 |     1 ||     2
       Confused          |       |     3 ||     3
       Petrified         |       |     3 ||     3
       Petrifying        |       |     2 ||     2
  Eat: Bread ration      |       |     2 ||     2
       Beef jerky        |       |     1 ||     1
Armor: Leather armour    |    24 |    46 ||    70
Dodge: Dodged            |    48 |   116 ||   164
